 Dungeon Crawl Stone Soup version 0.28.0-53-g5a82cb258f (webtiles) character file.

Game seed: 5031677673782776062

6 DocClef the Caller (level 1, 0/13 HPs)
             Began as a Gnoll Summoner on July 13, 2022.
             Slain by a kobold
             ... wielding a +0 whip
              (2 damage)
             ... on level 1 of the Dungeon.
             The game lasted 00:00:23 (271 turns).

DocClef the Caller (Gnoll Summoner)                  Turns: 271, Time: 00:00:24

Health: 0/13       AC:  2    Str:  7    XL:     1   Next: 90%
Magic:  2/6        EV: 13    Int: 14    God:
Gold:   23         SH:  0    Dex: 12    Spells: 8/9 levels left

rFire   . . .      SeeInvis .   (no weapon)
rCold   . . .      Faith    .   (no shield)
rNeg    . . .      Spirit   .   a - +0 robe
rPois   .          Reflect  .   (no helmet)
rElec   .          Harm     .   (no cloak)
rCorr   .          Rampage  .   (no gloves)
Will    .....                   (no boots)
Stlth   ++........              (no amulet)
HPRegen 0.04/turn               (no ring)
MPRegen 0.10/turn               (no ring)

@: no status effects
A: fangs 1, strong nose, distributed training
a: no special abilities


You were on level 1 of the Dungeon.
You visited 1 branch of the dungeon, and saw 1 of its levels.

You collected 23 gold pieces.

Inventory:

Armour
 a - a +0 robe (worn)


   Skills:
 + Level 0.2 Fighting
 + Level 0.2 Short Blades
 + Level 0.2 Long Blades
 + Level 0.2 Axes
 + Level 0.2 Maces & Flails
 + Level 0.2 Polearms
 + Level 0.2 Staves
 + Level 0.2 Slings
 + Level 0.2 Bows
 + Level 0.2 Crossbows
 + Level 0.2 Throwing
 + Level 0.2 Armour
 + Level 4.4 Dodging
 + Level 4.0 Stealth
 + Level 0.2 Shields
 + Level 0.2 Unarmed Combat
 + Level 4.9 Spellcasting
 + Level 0.1 Conjurations
 + Level 0.1 Hexes
 + Level 7.0 Summonings
 + Level 0.1 Necromancy
 + Level 0.1 Translocations
 + Level 0.1 Transmutations
 + Level 0.1 Fire Magic
 + Level 0.1 Ice Magic
 + Level 0.1 Air Magic
 + Level 0.1 Earth Magic
 + Level 0.1 Poison Magic
 + Level 0.3 Invocations
 + Level 0.2 Evocations


You had 8 spell levels left.
You knew the following spells:

 Your Spells              Type           Power      Damage    Failure   Level
a - Summon Small Mammal   Summ           92%        N/A       1%          1

Your spell library contained the following spells:

 Spells                   Type           Power      Damage    Failure   Level
 Call Imp                 Summ           23%        N/A       1%          2
 Call Canine Familiar     Summ           23%        N/A       3%          3
 Summon Guardian Golem    Hex/Summ       13%        N/A       12%         3
 Animate Skeleton         Necr           6%         N/A       17%         1
 Pain                     Necr           12%        1d4       17%         1
 Summon Lightning Spire   Summ/Air       13%        N/A       36%         4
 Vampiric Draining        Necr           3%         2d6       45%         3
 Storm Form               Tmut/Air       1%         N/A       100%        7
 Maxwell's Capacitive Co  Air            1%         ∞         100%        8


Dungeon Overview and Level Annotations

Branches:
Dungeon (1/15)

Altars:


Innate Abilities, Weirdness & Mutations

You have very sharp teeth.
Your uncanny sense of smell can sniff out nearby items.
Your experience applies equally to all skills.


Message History

The kobold barely misses your quokka.
Your quokka barely misses the kobold. x2; The goblin misses your quokka.
The kobold closely misses your quokka.
Your quokka bites the kobold but does no damage.
Your quokka closely misses the kobold.
The goblin completely misses your quokka.
The kobold closely misses your quokka.
Your quokka barely misses the kobold.
Your quokka completely misses the kobold.
The goblin hits your quokka with a +0 club.
The kobold misses your quokka.
Your quokka barely misses the kobold.
Your quokka closely misses the kobold.
Casting: Summon Small Mammal (safe; 1% risk of failure)
Confirm with . or Enter, or press ? or * to list all spells.
Your quokka disappears in a puff of smoke!
Your quokka barely misses the kobold.
The kobold hits your quokka but does no damage.
Your quokka closely misses the kobold.
The kobold hits your quokka with a +1 dagger of flaming.
The kobold burns your quokka.
Your quokka dies!
Your quokka's corpse disappears in a puff of smoke!
Your quokka barely misses the goblin.
Your quokka closely misses the goblin.
The goblin closely misses you.
The kobold hits your quokka with a +0 whip.
Your quokka dies!
Your quokka's corpse disappears in a puff of smoke!
You miss the goblin. The goblin barely misses you.
Casting: Summon Small Mammal (safe; 1% risk of failure)
Confirm with . or Enter, or press ? or * to list all spells.
The goblin barely misses you. The kobold closely misses you.
Casting: Summon Small Mammal (safe; 1% risk of failure)
Confirm with . or Enter, or press ? or * to list all spells.
Your bat hits the kobold but does no damage.
The goblin hits you with a +0 club.
* * * LOW HITPOINT WARNING * * *
Your bat misses the kobold. The kobold completely misses your bat.
The kobold hits you with a +0 whip.
You die...

.......##.....# ..........
..# ........###.#
#..........#
#####....(.....##
#...............# ♣
#......?........# ♣
#####.....b.........# #♣
.(.....)lKK@.######.## ...#
.....#####g......##..#.....#
... +.r.....###.#....)# .
#.......# #.#.....#
###########.......# ∆
#...........# #......>.####
#........## #.........###


You could see a goblin (ally target), 2 kobolds, a frilled lizard, a friendly
quokka (summoned) and a friendly bat (summoned).

Vanquished Creatures
  2 goblins (D:1)
2 creatures vanquished.

Vanquished Creatures (collateral kills)
  An endoplasm (D:1)
  A giant cockroach (D:1)
  A rat (D:1)
3 creatures vanquished.

Grand Total: 5 creatures vanquished

Notes
Turn   | Place    | Note
-------+----------+-------------------------------------------
     0 | D:1      | DocClef the Gnoll Summoner began the quest for the Orb.
     0 | D:1      | Reached XP level 1. HP: 13/13 MP: 6/6
   271 | D:1      | Slain by a kobold

Illustrated notes

Levels and vault maps discovered:
D:1:      beargit_arrival_diablo_church, layout_basic

Action                   || total
-------------------------++-------
Melee: Unarmed           ||    15
       Bite              ||     1
 Cast: Summon Small Mamm ||     7
Armor: Robe              ||     1
Dodge: Dodged            ||    11
